 Dungeon Crawl Stone Soup version 0.31-a0-949-g57150269e1 (webtiles) character file.

Game seed: 4958236659666677193

132 pokeman the Magician (level 4, -2/25 HPs)
             Began as a Deep Elf Hedge Wizard on Oct 22, 2023.
             Succumbed to Robin's poison
             ... on level 3 of the Dungeon.
             The game lasted 00:05:04 (2719 turns).

pokeman the Magician (Deep Elf Hedge Wizard)        Turns: 2719, Time: 00:05:05

Health: -2/25      AC:  2    Str:  7    XL:     4   Next: 92%
Magic:  3/14       EV: 18    Int: 21    God:
Gold:   86         SH:  0    Dex: 14    Spells: 3/15 levels left

rFire   . . .        k - +1 whip (drain)
rCold   . . .        (no shield)
rNeg    . . .        b - +0 robe
rPois   .            c - +0 hat
rElec   .            (no cloak)
rCorr   .            (no gloves)
SInv    .            (no boots)
Will    .....        (no amulet)
Stlth   ++           i - +5 ring of evasion
HPRegen 0.24/turn    (no ring)
MPRegen 0.14/turn

%: no passive effects
@: lethally poisoned (-2 -> -15)
A: no striking features
a: no special abilities


You were on level 3 of the Dungeon.
You visited 1 branch of the dungeon, and saw 3 of its levels.

You collected 86 gold pieces.

Inventory:

Hand Weapons
 k - a +1 whip of draining (weapon)
Armour
 b - a +0 robe (worn)
 c - a +0 hat (worn)
Magical Staves
 g - a staff of conjuration
 l - a staff of cold
Jewellery
 i - a +5 ring of evasion (left hand)
Scrolls
 a - 2 scrolls of teleportation {unknown}
 e - 4 scrolls of identify {unknown}
 f - a scroll of amnesia {unknown}
 h - 2 scrolls of enchant weapon {unknown}
 j - a scroll of revelation {unknown}
Potions
 d - a potion of magic


   Skills:
 - Level 1.1 Fighting
 - Level 1.0 Armour
 - Level 3.0 Dodging
 + Level 2.8 Stealth
 * Level 6.0 Spellcasting
 + Level 2.4 Conjurations
 - Level 1.1 Summonings
 - Level 1.1 Translocations
 + Level 0.0 Evocations


You had 3 spell levels left.
You knew the following spells:

 Your Spells              Type           Power      Damage    Failure   Level
a - Magic Dart            Conj           64%        1d6       3%          1
b - Mephitic Cloud        Conj/Pois/Air  9%         N/A       22%         3
c - Call Imp              Summ           20%        N/A       10%         2
d - Blink                 Tloc           20%        N/A       10%         2
e - Dispel Undead         Necr           6%         3d8       67%         4

Your spell library contained the following spells:

 Spells                   Type           Power      Damage    Failure   Level
 Slow                     Hex            24%        N/A       10%         1
 Cigotuvi's Dreadful Rot  Necr/Pois/Air  12%        N/A       14%         2
 Death Channel            Necr           3%         N/A       100%        6


Dungeon Overview and Level Annotations

Branches:
Dungeon (3/15)

Altars:


Message History

Unknown command.
Unknown command.
You hit Robin but do no damage. You drain Robin.
Robin is heavily wounded.
A hobgoblin comes into view.
Robin is engulfed in noxious fumes.
Robin appears confused.
Robin hits you with a +4 whip of venom.
You are poisoned.
Unknown command.
You catch the helpless Robin completely off-guard!
You hit Robin.
Robin is severely wounded.
You feel very sick.
A goblin comes into view. It is wielding a +0 dagger.
A hobgoblin comes into view.
Robin is engulfed in noxious fumes.
Robin appears confused.
Robin hits you with a +4 whip of venom.
You are more poisoned.
You hit Robin but do no damage. You drain Robin.
Robin is almost dead.
* * * LOW HITPOINT WARNING * * *
You feel very sick.
A goblin comes into view. It is wielding a +0 dagger.
Robin is engulfed in noxious fumes.
Robin appears confused.
Robin misses you.
Your magical contamination has completely faded away.
Unknown command.
Okay, then.
Unknown command.
The goblin shouts!
You hit Robin.
Robin is almost dead.
* * * LOW HITPOINT WARNING * * *
You feel very sick. Robin screams, "I'll kill you anyway!"
Unknown command.
Unknown command.
You catch the helpless Robin completely off-guard!
You hit Robin.
You kill Robin!
You die...

. #. ....####. ##.
......#.. ≈ #...
#..#.#.# ..
#....#..#.#.# ...
..(#....#.# ....
......#.##gg..≈
##.#...@g.ggg)≈
#....<.)###..g.
#...###.# #
#...#...#
##..<....#
#......#.#########
#(###..#.....†...#
... #...).######.#
###. #.###)#


You could see 2 hobgoblins and 5 goblins.

Vanquished Creatures
  Jessica (D:2)
  Robin (D:3)
  An adder (D:3)
  A worm (D:2)
  2 dart slugs (D:1)
  3 ball pythons
  4 bats
  5 endoplasms
  3 giant cockroaches (D:1)
  11 goblins
  8 hobgoblins
  3 jackals (D:1)
  5 kobolds
  4 quokkas
  2 frilled lizards (D:1)
  2 rats (D:2)
56 creatures vanquished.

Vanquished Creatures (collateral kills)
  Terence (D:2)
  A goblin (D:2)
  A rat (D:2)
3 creatures vanquished.

Grand Total: 59 creatures vanquished

Notes
Turn   | Place    | Note
-------+----------+-------------------------------------------
     0 | D:1      | pokeman the Deep Elf Hedge Wizard began the quest for the
                  | Orb.
     0 | D:1      | Reached XP level 1. HP: 10/10 MP: 7/7
   146 | D:1      | Reached XP level 2. HP: 12/16 MP: 0/9
   679 | D:1      | Reached skill level 5 in Spellcasting
   907 | D:1      | Reached XP level 3. HP: 14/20 MP: 2/11
   911 | D:1      | Learned a level 3 spell: Mephitic Cloud
   914 | D:1      | Learned a level 2 spell: Call Imp
   917 | D:1      | Learned a level 2 spell: Blink
  1848 | D:2      | Reached skill level 1 in Armour
  1876 | D:2      | Noticed Terence
  1939 | D:2      | Killed Terence
  1940 | D:2      | Reached skill level 1 in Fighting
  1940 | D:2      | Reached XP level 4. HP: 13/25 MP: 1/13
  2106 | D:2      | Learned a level 4 spell: Dispel Undead
  2205 | D:2      | Noticed Jessica
  2209 | D:2      | Killed Jessica
  2707 | D:3      | Reached skill level 6 in Spellcasting
  2707 | D:3      | Noticed Robin
  2718 | D:3      | HP: 1/25 [poisoned by Robin]
  2719 | D:3      | Killed Robin
  2719 | D:3      | Succumbed to Robin's poison

Illustrated notes

Levels and vault maps discovered:
D:1:      giann_horns, layout_basic, hangedman_decor_slide_cut, st_stairs_13
D:2:      layout_basic, minivault_14, minmay_misc_feat_square, uniq_terence,
          uniq_jessica
D:3:      layout_basic, nicolae_uskayaw_suspiria, uniq_robin

Skill      XL: |  1  2  3  4 |
---------------+-------------+-----
Spellcasting   | 5 6 |  6.0
Armour         | 1 |  1.0
Conjurations   | 2 |  2.4
Fighting       | 1 |  1.1
Dodging        | 3 |  3.0
Stealth        | |  2.8
Summonings     | |  1.1
Translocations | |  1.1

Action                     |  1- 3 |  4- 6 || total
---------------------------+-------+-------++-------
  Melee: Dagger            |    20 |       ||    20
         Whip              |       |     5 ||     5
   Cast: Magic Dart        |   107 |    36 ||   143
         Mephitic Cloud    |     3 |     1 ||     4
         Call Imp          |     1 |       ||     1
   Stab: Confused          |       |     2 ||     2
 Armour: Robe              |    11 |     5 ||    16
  Dodge: Dodged            |    17 |     6 ||    23

Table legend: (Time is in decaauts)
 A = Elapsed time spent in this place.
 B = Non-inter-level travel time spent in this place.
 C = Inter-level travel time spent in this place.
 D = Time resting spent in this place.
 E = Time spent auto-exploring this place.
 F = Levels seen in this place.
 G = Mean time per level.
                   A        B        C        D        E       F      G
               +--------+--------+--------+--------+--------+-----+--------+
         Total |   2717 |   2649 |     68 |      0 |   2314 |   3 |  905.7 |
       Dungeon |   2717 |   2649 |     68 |      0 |   2314 |   3 |  905.7 |
               +--------+--------+--------+--------+--------+-----+--------+

Top non-repeatable levels by time:
     D:1: 1608 daAuts
     D:2: 939 daAuts
     D:3: 170 daAuts
